Philadelphia Phantoms vs Havana Tropicals
Created - Monday, February 3, 2025 at 09:39
Goals
|
| Philadelphia Phantoms |
1 |
2 |
3 |
6 |
| Havana Tropicals |
1 |
1 |
1 |
3 |
|
Shots
|
| Philadelphia Phantoms |
4 |
11 |
18 |
33 |
| Havana Tropicals |
18 |
7 |
9 |
34 |
|
1st period
1. Havana Tropicals , Zach Whitecloud 1 (Timothy Liljegren 1, Alexander Nylander 3) at 1:20 (PP)
2. Philadelphia Phantoms , Ryan Winterton 1 (James Malatesta 2, Jaret Anderson-Dolan 1) at 8:49
Penalties :
Reilly Walsh (PHP) for Interference (Minor) at 0:51
2nd period
3. Philadelphia Phantoms , Matt Rempe 1 (Marcus Bjork 1) at 6:21
4. Havana Tropicals , Nicklas Backstrom 1 (Pavel Dorofeyev 1, Aidan McDonough 1) at 11:46
5. Philadelphia Phantoms , Tye Kartye 1 (Egor Afanasyev 2) at 15:46 (PP)
Penalties :
Sasha Pastujov (HAV) for Holding (Minor) at 0:22, Timothy Liljegren (HAV) for Roughing (Minor) at 6:44, Alexander Nylander (HAV) for Holding (Minor) at 15:45
3rd period
6. Philadelphia Phantoms , James Malatesta 2 (Tye Kartye 2, Egor Afanasyev 3) at 12:42 (PP)
7. Philadelphia Phantoms , Ryan Winterton 2 (Luca Del Bel Belluz 1, Alex Steeves 1) at 13:53 (PP)
8. Philadelphia Phantoms , Matt Rempe 2 (Adam Klapka 1) at 16:06
9. Havana Tropicals , Nicklas Backstrom 2 (Mattias Norlinder 1) at 19:46
Penalties :
Zach Aston-Reese (HAV) for Hooking (Minor) at 12:38, Nicklas Backstrom (HAV) for Tripping (Minor) at 13:28, Timothy Liljegren (HAV) for Holding (Minor) at 16:23
Goalie Stats
Dennis Hildeby (PHP), 31 saves from 34 shots - (0.912), W, 1-0-1, 60:00 minutes
Arvid Soderblom (HAV), 27 saves from 33 shots - (0.818), L, 2-1-0, 60:00 minutes
Players Stats for Philadelphia Phantoms
Player Name G A P +/- PIM S H SB GA TA FO MP PP MP PK MP
------------------------------------------------------------------------------------
0 0 0 0 0 0 0 0 0 0 0/0 0:00 0:00 0:00
Adam Klapka 0 1 1 2 0 3 3 0 0 0 5/12 14:04 0:07 0:16
Alex Steeves 0 1 1 -1 0 2 3 0 1 1 0/0 16:27 3:10 0:00
Alex Swetlikoff 0 0 0 2 0 1 2 0 0 1 0/0 14:05 0:12 0:00
Egor Afanasyev 0 2 2 -1 0 1 0 1 0 0 10/17 17:10 3:14 0:13
James Malatesta 1 1 2 1 0 2 2 1 2 0 0/2 16:04 3:05 0:00
Jaret Anderson-Dolan 0 1 1 -1 0 6 1 0 0 0 2/2 13:41 0:03 0:16
Louis Crevier 0 0 0 -1 0 0 1 1 0 1 0/0 21:10 3:11 0:29
Luca Del Bel Belluz 0 1 1 -1 0 2 1 0 0 0 8/15 15:55 3:10 0:00
Lukas Rousek 0 0 0 -1 0 1 0 0 0 1 1/2 13:08 0:00 0:00
Marcus Bjork 0 1 1 2 0 1 0 1 0 1 0/0 22:11 3:16 0:13
Matt Rempe 2 0 2 2 0 5 6 0 0 0 1/2 13:17 0:00 0:00
Nick Blankenburg 0 0 0 -1 0 0 2 1 0 0 0/0 18:05 0:00 0:16
Nils Aman 0 0 0 1 0 1 0 0 1 0 0/0 13:20 0:00 0:13
Reilly Walsh 0 0 0 2 2 2 0 1 0 2 0/0 21:57 3:16 0:00
Ryan Johnson 0 0 0 0 0 1 0 2 0 1 0/0 19:34 3:11 0:00
Ryan Winterton 2 0 2 1 0 2 1 0 0 0 6/12 16:24 3:10 0:00
Tye Kartye 1 1 2 -1 0 2 1 0 0 1 1/1 16:35 3:10 0:00
Tyler Kleven 0 0 0 0 0 1 0 1 0 1 0/0 16:23 0:00 0:00
Players Stats for Havana Tropicals
Player Name G A P +/- PIM S H SB GA TA FO MP PP MP PK MP
------------------------------------------------------------------------------------
0 0 0 0 0 0 0 0 0 0 0/0 0:00 0:00 0:00
Aidan McDonough 0 1 1 1 0 0 0 0 0 0 0/0 4:00 0:00 0:37
Alexander Nylander 0 1 1 1 2 6 0 0 2 0 1/3 23:54 0:13 3:01
Darren Raddysh 0 0 0 0 0 1 1 0 0 0 0/0 19:52 0:16 3:29
Dennis Cholowski 0 0 0 -3 0 0 1 1 0 0 0/0 15:03 0:00 0:23
Elmer Soderblom 0 0 0 0 0 2 2 1 0 0 3/5 8:24 0:00 0:00
Emil Bemstrom 0 0 0 -2 0 4 0 0 3 0 0/2 18:18 0:16 2:48
Jakub Vrana 0 0 0 -1 0 4 1 0 1 1 1/2 14:44 0:00 0:56
Matt Grzelcyk 0 0 0 1 0 1 1 1 0 0 0/0 19:12 0:16 2:57
Mattias Norlinder 0 1 1 -2 0 0 2 0 0 0 0/0 15:21 0:00 1:35
Nick Abruzzese 0 0 0 -1 0 1 1 0 0 0 4/10 13:26 0:00 0:00
Nicklas Backstrom 2 0 2 2 2 2 3 0 0 0 12/22 18:09 0:13 2:44
Pavel Dorofeyev 0 1 1 2 0 2 1 0 2 1 5/7 18:02 0:13 2:48
Sam Gagner 0 0 0 -2 0 4 1 0 0 0 5/14 15:30 0:16 0:00
Samuel Blais 0 0 0 -1 0 1 2 0 0 0 0/0 13:20 0:00 0:00
Sasha Pastujov 0 0 0 0 2 1 1 0 1 0 0/0 8:49 0:00 0:00
Timothy Liljegren 0 1 1 1 4 1 1 0 1 0 0/0 24:49 0:13 1:16
Zach Aston-Reese 0 0 0 -2 2 3 4 0 0 0 0/0 15:35 0:16 0:00
Zach Whitecloud 1 0 1 1 0 1 0 0 0 2 0/0 25:31 0:13 3:14
3 Stars
1 - Matt Rempe (PHP)
2 - Ryan Winterton (PHP)
3 - James Malatesta (PHP)
Power Play
Philadelphia Phantoms - 3 on 6 Attempt(s) - 50.00%
Havana Tropicals - 1 on 1 Attempt(s) - 100.00%
Penalty Kill
Philadelphia Phantoms - 0 on 1 Attempt(s) - 0.00%
- Score 0 goal in Penalty Kill
Havana Tropicals - 3 on 6 Attempt(s) - 50.00%
- Score 0 goal in Penalty Kill
Team Stat
Philadelphia Phantoms - Hits : 23 - Faceoff Wins : 34 - Blocked Shots : 9 - Penalty Minutes : 2
Havana Tropicals - Hits : 22 - Faceoff Wins : 31 - Blocked Shots : 3 - Penalty Minutes : 12
Official
Referees : Dan O'Rourke and Jordan Samuels
Linesman : Jesse Marquis and Libor Suchanek
Game Notes
14:31 of 1st period - Havana Tropicals goal is going for a video replay. After video review, No Goal. The referee deems the play has been stopped, even if he had not physically had the opportunity to stop play by blowing his whistle.
Philadelphia Phantoms
5 vs 5 Forward
Center Left Wing Right Wing Time % Phy DF OF
1 Egor Afanasyev Tye Kartye Alex Steeves 25 0 1 4
2 Luca Del Bel Belluz Jaret Anderson-Dolan Lukas Rousek 25 0 2 3
3 Ryan Winterton James Malatesta Nils Aman 25 0 2 3
4 Adam Klapka Alex Swetlikoff Matt Rempe 25 0 1 4
5 vs 5 Defense
Defense Defense Time % Phy DF OF
1 Reilly Walsh Marcus Bjork 35 0 3 2
2 Louis Crevier Nick Blankenburg 35 0 3 2
3 Ryan Johnson Tyler Kleven 30 0 3 2
4 Reilly Walsh Marcus Bjork 0 0 3 2
PowerPlay Forward
Center Left Wing Right Wing Time % Phy DF OF
1 Egor Afanasyev Tye Kartye James Malatesta 50 0 0 5
2 Luca Del Bel Belluz Alex Steeves Ryan Winterton 50 0 0 5
PowerPlay Defense
Defense Defense Time % Phy DF OF
1 Louis Crevier Ryan Johnson 50 0 1 4
2 Reilly Walsh Marcus Bjork 50 0 1 4
Penalty Kill 4 Players Forward
Center Wing Time % Phy DF OF
1 Adam Klapka Jaret Anderson-Dolan 50 0 5 0
2 Egor Afanasyev Nils Aman 50 0 5 0
Penalty Kill 4 Players Defense
Defense Defense Time % Phy DF OF
1 Reilly Walsh Marcus Bjork 50 0 5 0
2 Louis Crevier Nick Blankenburg 50 0 5 0
Penalty Kill - 3 Players Forward
Forward Time % Phy DF OF
1 Adam Klapka 50 0 5 0
2 Egor Afanasyev 50 0 5 0
Penalty Kill - 3 Players Defense
Defense Defense Time % Phy DF OF
1 Reilly Walsh Marcus Bjork 50 0 5 0
2 Louis Crevier Nick Blankenburg 50 0 5 0
4 vs 4 Forward
Center Wing Time % Phy DF OF
1 Egor Afanasyev Alex Steeves 50 0 1 4
2 Luca Del Bel Belluz Tye Kartye 50 0 2 3
4 vs 4 Defense
Defense Defense Time % Phy DF OF
1 Reilly Walsh Marcus Bjork 50 0 3 2
2 Louis Crevier Nick Blankenburg 50 0 3 2
Last Minutes Offensive
Center Left Wing Right Wing Defense Defense
Egor Afanasyev Tye Kartye Alex Steeves Louis Crevier Ryan Johnson
Last Minutes Defensive
Center Left Wing Right Wing Defense Defense
Egor Afanasyev Jaret Anderson-Dolan Adam Klapka Louis Crevier Nick Blankenburg
Goaltenders
Starting : Dennis Hildeby
Backup : Jared Moe
Extra Forwards
Normal : Egor Afanasyev, Luca Del Bel Belluz, Alex Swetlikoff - PP : Egor Afanasyev, Luca Del Bel Belluz - PK : Egor Afanasyev
Extra Defensemen
Normal : Louis Crevier, Ryan Johnson, Reilly Walsh - PP : Louis Crevier - PK : Louis Crevier, Ryan Johnson
Penalty Shots
Egor Afanasyev, Alex Steeves, Ryan Winterton, Adam Klapka, James Malatesta
Scratches
Albert Johansson (Healthy), Filip Cederqvist (Healthy), Tyrel Bauer (Healthy), Marcel Marcel (Healthy), Matthew Seminoff (Healthy)
Daniil Misyul (Healthy), Josh Lopina (Healthy), Isaac Poulter (Healthy), Colten Ellis (Healthy)
Havana Tropicals
5 vs 5 Forward
Center Left Wing Right Wing Time % Phy DF OF
1 Nicklas Backstrom Alexander Nylander Pavel Dorofeyev 30 1 2 2
2 Sam Gagner Emil Bemstrom Zach Aston-Reese 30 1 2 2
3 Nick Abruzzese Jakub Vrana Samuel Blais 25 1 2 2
4 Elmer Soderblom Sasha Pastujov Alexander Nylander 15 1 2 2
5 vs 5 Defense
Defense Defense Time % Phy DF OF
1 Timothy Liljegren Zach Whitecloud 30 1 2 2
2 Darren Raddysh Matt Grzelcyk 30 1 2 2
3 Dennis Cholowski Mattias Norlinder 25 1 2 2
4 Timothy Liljegren Zach Whitecloud 15 1 2 2
PowerPlay Forward
Center Left Wing Right Wing Time % Phy DF OF
1 Nicklas Backstrom Alexander Nylander Pavel Dorofeyev 50 1 2 2
2 Sam Gagner Emil Bemstrom Zach Aston-Reese 50 1 2 2
PowerPlay Defense
Defense Defense Time % Phy DF OF
1 Timothy Liljegren Zach Whitecloud 50 1 2 2
2 Darren Raddysh Matt Grzelcyk 50 1 2 2
Penalty Kill 4 Players Forward
Center Wing Time % Phy DF OF
1 Alexander Nylander Nicklas Backstrom 50 1 2 2
2 Pavel Dorofeyev Emil Bemstrom 50 1 2 2
Penalty Kill 4 Players Defense
Defense Defense Time % Phy DF OF
1 Timothy Liljegren Zach Whitecloud 50 1 2 2
2 Darren Raddysh Matt Grzelcyk 50 1 2 2
Penalty Kill - 3 Players Forward
Forward Time % Phy DF OF
1 Alexander Nylander 50 1 2 2
2 Nicklas Backstrom 50 1 2 2
Penalty Kill - 3 Players Defense
Defense Defense Time % Phy DF OF
1 Timothy Liljegren Zach Whitecloud 50 1 2 2
2 Darren Raddysh Matt Grzelcyk 50 1 2 2
4 vs 4 Forward
Center Wing Time % Phy DF OF
1 Alexander Nylander Nicklas Backstrom 50 1 2 2
2 Pavel Dorofeyev Emil Bemstrom 50 1 2 2
4 vs 4 Defense
Defense Defense Time % Phy DF OF
1 Timothy Liljegren Zach Whitecloud 50 1 2 2
2 Darren Raddysh Matt Grzelcyk 50 1 2 2
Last Minutes Offensive
Center Left Wing Right Wing Defense Defense
Nicklas Backstrom Alexander Nylander Pavel Dorofeyev Timothy Liljegren Zach Whitecloud
Last Minutes Defensive
Center Left Wing Right Wing Defense Defense
Nicklas Backstrom Alexander Nylander Pavel Dorofeyev Timothy Liljegren Zach Whitecloud
Goaltenders
Starting : Arvid Soderblom
Backup : Devin Cooley
Extra Forwards
Normal : Aidan McDonough, Samuel Blais, Jakub Vrana - PP : Aidan McDonough, Samuel Blais - PK : Jakub Vrana
Extra Defensemen
Normal : Dennis Cholowski, Mattias Norlinder, Darren Raddysh - PP : Dennis Cholowski - PK : Mattias Norlinder, Darren Raddysh
Penalty Shots
Alexander Nylander, Nicklas Backstrom, Pavel Dorofeyev, Emil Bemstrom, Zach Aston-Reese
Scratches
Nolan Foote (Healthy), Dmitri Kuzmin (Healthy), Ryan McAllister (Healthy), Dylan Wells (Healthy)
% Time on Ice - Philadelphia Phantoms
Lines # - Real PCT - Wanted PCT - Time Play
Normal Forward
1 - 25% - 25% - 13:11
2 - 25% - 25% - 13:29
3 - 25% - 25% - 13:15
4 - 25% - 25% - 13:09
Normal Defense
1 - 35% - 35% - 18:41
2 - 35% - 35% - 18:47
3 - 29% - 30% - 15:36
4 - 0% - 0% - 0:00
PP Forward
1 - 50% - 50% - 3:15
2 - 50% - 50% - 3:12
PP Defense
1 - 49% - 50% - 3:11
2 - 51% - 50% - 3:16
PK Forward
1 - 55% - 50% - 0:16
2 - 45% - 50% - 0:13
PK Defense
1 - 45% - 50% - 0:13
2 - 55% - 50% - 0:16
PK3 Forward
1 - 0% - 50%
2 - 0% - 50%
PK3 Defense
1 - 0% - 50%
2 - 0% - 50%
44 Forward
1 - 0% - 50%
2 - 0% - 50%
44 Defense
1 - 0% - 50%
2 - 0% - 50%
Last Minute Offensive - 0:00
Last Minute Defensive - 0:00
Total
Forward - 60:00
Defense - 60:00
|
% Time on Ice - Havana Tropicals
Lines # - Real PCT - Wanted PCT - Time Play
Normal Forward
1 - 29% - 30% - 15:13
2 - 32% - 30% - 16:45
3 - 27% - 25% - 14:05
4 - 13% - 15% - 7:01
Normal Defense
1 - 30% - 30% - 16:10
2 - 30% - 30% - 16:07
3 - 25% - 25% - 13:24
4 - 14% - 15% - 7:23
PP Forward
1 - 45% - 50% - 0:13
2 - 55% - 50% - 0:16
PP Defense
1 - 45% - 50% - 0:13
2 - 55% - 50% - 0:16
PK Forward
1 - 49% - 50% - 3:11
2 - 51% - 50% - 3:16
PK Defense
1 - 54% - 50% - 3:30
2 - 46% - 50% - 2:57
PK3 Forward
1 - 0% - 50%
2 - 0% - 50%
PK3 Defense
1 - 0% - 50%
2 - 0% - 50%
44 Forward
1 - 0% - 50%
2 - 0% - 50%
44 Defense
1 - 0% - 50%
2 - 0% - 50%
Last Minute Offensive - 0:00
Last Minute Defensive - 0:00
Total
Forward - 60:00
Defense - 60:00
|
Play-by-Play
1st period
0:01 of 1st period - Nicklas Backstrom wins face-off versus Egor Afanasyev in neutral zone.
0:06 of 1st period - Slapshot by Alexander Nylander.
0:06 of 1st period - Deflect By Egor Afanasyev.
0:06 of 1st period - Shot Misses the Net.
0:06 of 1st period - Puck is out of play.
0:07 of 1st period - Nicklas Backstrom wins face-off versus Egor Afanasyev in Philadelphia Phantoms zone.
0:08 of 1st period - Backhand shot by Alexander Nylander.
0:08 of 1st period - Stopped by Dennis Hildeby without a rebound.
0:09 of 1st period - Nicklas Backstrom wins face-off versus Egor Afanasyev in Philadelphia Phantoms zone.
0:32 of 1st period - Snap shot by Alexander Nylander.
0:32 of 1st period - Stopped by Dennis Hildeby with a rebound.
0:42 of 1st period - Backhand shot by Alexander Nylander.
0:42 of 1st period - Stopped by Dennis Hildeby with a rebound.
0:51 of 1st period - Minor Penalty to Reilly Walsh for Interference.
0:52 of 1st period - Jaret Anderson-Dolan wins face-off versus Emil Bemstrom in Philadelphia Phantoms zone.
0:52 of 1st period - Jaret Anderson-Dolan is hit by Zach Aston-Reese.
1:05 of 1st period - Slapshot by Sam Gagner.
1:05 of 1st period - Stopped by Dennis Hildeby with a rebound.
1:07 of 1st period - Wrist shot by Zach Aston-Reese.
1:07 of 1st period - Stopped by Dennis Hildeby without a rebound.
1:08 of 1st period - Nicklas Backstrom wins face-off versus Adam Klapka in Philadelphia Phantoms zone.
1:14 of 1st period - Snap shot by Alexander Nylander.
1:14 of 1st period - Stopped by Dennis Hildeby with a rebound.
1:16 of 1st period - Slapshot by Timothy Liljegren.
1:16 of 1st period - Stopped by Dennis Hildeby with a rebound.
1:18 of 1st period - Slapshot by Zach Whitecloud.
1:18 of 1st period - Shot Blocked by Marcus Bjork.
1:20 of 1st period - Slapshot by Zach Whitecloud.
1:20 of 1st period - Goal by Zach Whitecloud - Philadelphia Phantoms : 0 - Havana Tropicals : 1.
1:21 of 1st period - Luca Del Bel Belluz wins face-off versus Sam Gagner in neutral zone.
1:34 of 1st period - Snap shot by Sam Gagner.
1:34 of 1st period - Stopped by Dennis Hildeby without a rebound.
1:35 of 1st period - Ryan Winterton wins face-off versus Nick Abruzzese in Philadelphia Phantoms zone.
1:56 of 1st period - Ryan Johnson is hit by Samuel Blais and loses puck.
5:07 of 1st period - Wrist shot by Luca Del Bel Belluz.
5:07 of 1st period - Deflect By Jaret Anderson-Dolan.
5:07 of 1st period - Shot Hit the Post.
5:07 of 1st period - Puck is out of play.
5:08 of 1st period - Luca Del Bel Belluz wins face-off versus Elmer Soderblom in Havana Tropicals zone.
5:19 of 1st period - Snap shot by Elmer Soderblom.
5:19 of 1st period - Shot Misses the Net.
5:21 of 1st period - Slapshot by Aidan McDonough.
5:21 of 1st period - Shot Misses the Net.
5:23 of 1st period - Wrist shot by Elmer Soderblom.
5:23 of 1st period - Shot Misses the Net.
5:25 of 1st period - Slapshot by Elmer Soderblom.
5:25 of 1st period - Shot Misses the Net.
5:27 of 1st period - Wrist shot by Elmer Soderblom.
5:27 of 1st period - Stopped by Dennis Hildeby without a rebound.
5:28 of 1st period - Sam Gagner wins face-off versus Adam Klapka in Philadelphia Phantoms zone.
5:29 of 1st period - Wrist shot by Emil Bemstrom.
5:29 of 1st period - Stopped by Dennis Hildeby without a rebound.
5:30 of 1st period - Sam Gagner wins face-off versus Adam Klapka in Philadelphia Phantoms zone.
6:54 of 1st period - Off-side.
6:55 of 1st period - Adam Klapka wins face-off versus Elmer Soderblom in neutral zone.
6:58 of 1st period - Alexander Nylander is hit by Matt Rempe and loses puck.
7:04 of 1st period - Off-side.
7:05 of 1st period - Nick Abruzzese wins face-off versus Ryan Winterton in neutral zone.
7:30 of 1st period - Alex Swetlikoff is hit by Pavel Dorofeyev and loses puck.
7:50 of 1st period - Icing by Sam Gagner.
7:51 of 1st period - Egor Afanasyev wins face-off versus Sam Gagner in Havana Tropicals zone.
8:06 of 1st period - Wrist shot by Emil Bemstrom.
8:06 of 1st period - Shot Misses the Net.
8:49 of 1st period - Snap shot by Ryan Winterton.
8:49 of 1st period - Goal by Ryan Winterton - Philadelphia Phantoms : 1 - Havana Tropicals : 1.
8:50 of 1st period - Ryan Winterton wins face-off versus Sam Gagner in neutral zone.
8:59 of 1st period - Wrist shot by Emil Bemstrom.
8:59 of 1st period - Stopped by Dennis Hildeby with a rebound.
9:01 of 1st period - Wrist shot by Zach Aston-Reese.
9:01 of 1st period - Stopped by Dennis Hildeby with a rebound.
9:03 of 1st period - Wrist shot by Emil Bemstrom.
9:03 of 1st period - Shot Hit the Post.
9:05 of 1st period - Wrist shot by Sam Gagner.
9:05 of 1st period - Stopped by Dennis Hildeby with a rebound.
9:14 of 1st period - Icing by Adam Klapka.
9:15 of 1st period - Adam Klapka wins face-off versus Nick Abruzzese in Philadelphia Phantoms zone.
9:15 of 1st period - Adam Klapka is hit by Samuel Blais.
9:29 of 1st period - Wrist shot by Jakub Vrana.
9:29 of 1st period - Stopped by Dennis Hildeby with a rebound.
9:41 of 1st period - Ryan Johnson is hit by Zach Aston-Reese.
9:46 of 1st period - Off-side.
9:47 of 1st period - Sam Gagner wins face-off versus Luca Del Bel Belluz in neutral zone.
9:58 of 1st period - Jaret Anderson-Dolan is hit by Zach Aston-Reese and loses puck.
10:47 of 1st period - Wrist shot by Alexander Nylander.
10:47 of 1st period - Shot Misses the Net.
11:17 of 1st period - Louis Crevier is hit by Sasha Pastujov and loses puck.
11:32 of 1st period - Snap shot by Adam Klapka.
11:32 of 1st period - Stopped by Arvid Soderblom without a rebound.
11:33 of 1st period - Adam Klapka wins face-off versus Nicklas Backstrom in Havana Tropicals zone.
11:38 of 1st period - Snap shot by Matt Rempe.
11:38 of 1st period - Stopped by Arvid Soderblom with a rebound.
12:41 of 1st period - Wrist shot by Egor Afanasyev.
12:41 of 1st period - Shot Blocked by Matt Grzelcyk.
13:05 of 1st period - Pavel Dorofeyev is hit by Tye Kartye and loses puck.
13:16 of 1st period - Wrist shot by Pavel Dorofeyev.
13:16 of 1st period - Shot Misses the Net.
13:18 of 1st period - Slapshot by Matt Grzelcyk.
13:18 of 1st period - Shot Misses the Net.
13:30 of 1st period - Tye Kartye is hit by Nicklas Backstrom and loses puck.
14:23 of 1st period - Snap shot by Pavel Dorofeyev.
14:23 of 1st period - Stopped by Dennis Hildeby with a rebound.
14:25 of 1st period - Wrist shot by Pavel Dorofeyev.
14:25 of 1st period - Shot Misses the Net.
14:27 of 1st period - Snap shot by Nicklas Backstrom.
14:27 of 1st period - Shot Blocked by Ryan Johnson.
14:29 of 1st period - Snap shot by Darren Raddysh.
14:29 of 1st period - Deflect By Pavel Dorofeyev.
14:29 of 1st period - Stopped by Dennis Hildeby with a rebound.
14:31 of 1st period - Slapshot by Darren Raddysh.
14:31 of 1st period - Deflect By Tye Kartye.
14:31 of 1st period - Havana Tropicals goal is going for a video replay.
14:31 of 1st period - The goal is refused. The referee deems the play has been stopped, even if he had not physically had the opportunity to stop play by blowing his whistle..
14:32 of 1st period - Lukas Rousek wins face-off versus Nick Abruzzese in Philadelphia Phantoms zone.
14:43 of 1st period - Wrist shot by Jaret Anderson-Dolan.
14:43 of 1st period - Stopped by Arvid Soderblom with a rebound.
14:57 of 1st period - Zach Aston-Reese is hit by Adam Klapka and loses puck.
16:52 of 1st period - Mattias Norlinder is hit by Matt Rempe and loses puck.
Goals for this period are 1 for Philadelphia Phantoms vs 1 for Havana Tropicals.
Shots for this period are 4 for Philadelphia Phantoms vs 18 for Havana Tropicals.
2nd period
0:01 of 2nd period - Elmer Soderblom wins face-off versus Matt Rempe in neutral zone.
0:22 of 2nd period - Minor Penalty to Sasha Pastujov for Holding.
0:23 of 2nd period - Alexander Nylander wins face-off versus Egor Afanasyev in Havana Tropicals zone.
0:49 of 2nd period - Zach Whitecloud is hit by Alex Steeves and loses puck.
2:22 of 2nd period - Penalty to Sasha Pastujov is over, Sasha Pastujov is back on ice.
2:28 of 2nd period - Timothy Liljegren is hit by Adam Klapka and loses puck.
2:33 of 2nd period - Snap shot by Adam Klapka.
2:33 of 2nd period - Stopped by Arvid Soderblom without a rebound.
2:34 of 2nd period - Jakub Vrana wins face-off versus Adam Klapka in Havana Tropicals zone.
2:34 of 2nd period - Jakub Vrana is hit by Matt Rempe.
2:51 of 2nd period - Off-side.
2:52 of 2nd period - Luca Del Bel Belluz wins face-off versus Emil Bemstrom in neutral zone.
4:28 of 2nd period - Wrist shot by Jaret Anderson-Dolan.
4:28 of 2nd period - Stopped by Arvid Soderblom without a rebound.
4:29 of 2nd period - Nick Abruzzese wins face-off versus Ryan Winterton in Havana Tropicals zone.
4:54 of 2nd period - Ryan Winterton is hit by Zach Aston-Reese and loses puck.
5:22 of 2nd period - Snap shot by Alex Swetlikoff.
5:22 of 2nd period - Shot Misses the Net.
5:24 of 2nd period - Snap shot by Alex Swetlikoff.
5:24 of 2nd period - Shot Misses the Net.
5:26 of 2nd period - Snap shot by Matt Rempe.
5:26 of 2nd period - Shot Misses the Net.
5:28 of 2nd period - Wrist shot by Nick Blankenburg.
5:28 of 2nd period - Shot Blocked by Elmer Soderblom.
5:30 of 2nd period - Snap shot by Louis Crevier.
5:30 of 2nd period - Shot Misses the Net.
5:37 of 2nd period - Icing by Sasha Pastujov.
5:38 of 2nd period - Egor Afanasyev wins face-off versus Nick Abruzzese in Havana Tropicals zone.
5:49 of 2nd period - Wrist shot by Alex Steeves.
5:49 of 2nd period - Deflect By Tye Kartye.
5:49 of 2nd period - Stopped by Arvid Soderblom without a rebound.
5:50 of 2nd period - Pavel Dorofeyev wins face-off versus Luca Del Bel Belluz in Havana Tropicals zone.
6:17 of 2nd period - Marcus Bjork is hit by Mattias Norlinder.
6:21 of 2nd period - Snap shot by Matt Rempe.
6:21 of 2nd period - Goal by Matt Rempe - Philadelphia Phantoms : 2 - Havana Tropicals : 1.
6:22 of 2nd period - Elmer Soderblom wins face-off versus Ryan Winterton in neutral zone.
6:31 of 2nd period - Slapshot by Alexander Nylander.
6:31 of 2nd period - Deflect By Sasha Pastujov.
6:31 of 2nd period - Stopped by Dennis Hildeby with a rebound.
6:33 of 2nd period - Snap shot by Elmer Soderblom.
6:33 of 2nd period - Deflect By Alexander Nylander.
6:33 of 2nd period - Shot Misses the Net.
6:33 of 2nd period - Puck is out of play.
6:34 of 2nd period - Nicklas Backstrom wins face-off versus Egor Afanasyev in Philadelphia Phantoms zone.
6:44 of 2nd period - Minor Penalty to Timothy Liljegren for Roughing.
6:45 of 2nd period - Pavel Dorofeyev wins face-off versus Luca Del Bel Belluz in Havana Tropicals zone.
6:59 of 2nd period - Wrist shot by Alex Steeves.
6:59 of 2nd period - Stopped by Arvid Soderblom with a rebound.
8:37 of 2nd period - Snap shot by Jakub Vrana.
8:37 of 2nd period - Shot Blocked by Egor Afanasyev.
8:44 of 2nd period - Penalty to Timothy Liljegren is over, Timothy Liljegren is back on ice.
8:54 of 2nd period - Wrist shot by Jakub Vrana.
8:54 of 2nd period - Stopped by Dennis Hildeby with a rebound.
9:02 of 2nd period - Jakub Vrana is hit by Adam Klapka and loses puck.
9:43 of 2nd period - Jakub Vrana is hit by Jaret Anderson-Dolan and loses puck.
11:31 of 2nd period - Slapshot by Pavel Dorofeyev.
11:31 of 2nd period - Deflect By Alex Steeves.
11:31 of 2nd period - Shot Misses the Net.
11:31 of 2nd period - Puck is out of play.
11:32 of 2nd period - Luca Del Bel Belluz wins face-off versus Nicklas Backstrom in Philadelphia Phantoms zone.
11:44 of 2nd period - Wrist shot by Pavel Dorofeyev.
11:44 of 2nd period - Shot Blocked by Louis Crevier.
11:46 of 2nd period - Slapshot by Nicklas Backstrom.
11:46 of 2nd period - Goal by Nicklas Backstrom - Philadelphia Phantoms : 2 - Havana Tropicals : 2.
11:47 of 2nd period - Egor Afanasyev wins face-off versus Nicklas Backstrom in neutral zone.
12:07 of 2nd period - Tye Kartye is hit by Timothy Liljegren and loses puck.
12:35 of 2nd period - Zach Aston-Reese is hit by James Malatesta and loses puck.
13:15 of 2nd period - Wrist shot by Elmer Soderblom.
13:15 of 2nd period - Shot Misses the Net.
13:41 of 2nd period - Snap shot by Jakub Vrana.
13:41 of 2nd period - Stopped by Dennis Hildeby with a rebound.
13:55 of 2nd period - Wrist shot by Nils Aman.
13:55 of 2nd period - Shot Blocked by Dennis Cholowski.
14:39 of 2nd period - Wrist shot by Lukas Rousek.
14:39 of 2nd period - Stopped by Arvid Soderblom without a rebound.
14:40 of 2nd period - Luca Del Bel Belluz wins face-off versus Sam Gagner in Havana Tropicals zone.
14:41 of 2nd period - Snap shot by Jaret Anderson-Dolan.
14:41 of 2nd period - Stopped by Arvid Soderblom with a rebound.
14:46 of 2nd period - Off-side.
14:47 of 2nd period - Ryan Winterton wins face-off versus Sam Gagner in neutral zone.
15:35 of 2nd period - Snap shot by Adam Klapka.
15:35 of 2nd period - Stopped by Arvid Soderblom with a rebound.
15:37 of 2nd period - Slapshot by Alex Swetlikoff.
15:37 of 2nd period - Deflect By Adam Klapka.
15:37 of 2nd period - Shot Misses the Net.
15:37 of 2nd period - Puck is out of play.
15:38 of 2nd period - Matt Rempe wins face-off versus Nicklas Backstrom in Havana Tropicals zone.
15:41 of 2nd period - Slapshot by Adam Klapka.
15:41 of 2nd period - Deflect By Matt Rempe.
15:41 of 2nd period - Stopped by Arvid Soderblom without a rebound.
15:42 of 2nd period - Nicklas Backstrom wins face-off versus Adam Klapka in Havana Tropicals zone.
15:42 of 2nd period - Nicklas Backstrom is hit by Matt Rempe.
15:45 of 2nd period - Minor Penalty to Alexander Nylander for Holding.
15:46 of 2nd period - Egor Afanasyev wins face-off versus Jakub Vrana in Havana Tropicals zone.
15:46 of 2nd period - Snap shot by Tye Kartye.
15:46 of 2nd period - Goal by Tye Kartye - Philadelphia Phantoms : 3 - Havana Tropicals : 2.
15:47 of 2nd period - Pavel Dorofeyev wins face-off versus Luca Del Bel Belluz in neutral zone.
16:22 of 2nd period - Slapshot by Sam Gagner.
16:22 of 2nd period - Stopped by Dennis Hildeby without a rebound.
16:23 of 2nd period - Egor Afanasyev wins face-off versus Nick Abruzzese in Philadelphia Phantoms zone.
16:23 of 2nd period - Egor Afanasyev is hit by Matt Grzelcyk.
17:27 of 2nd period - Off-side.
17:28 of 2nd period - Elmer Soderblom wins face-off versus Lukas Rousek in neutral zone.
18:12 of 2nd period - Nils Aman is hit by Nick Abruzzese.
18:16 of 2nd period - Snap shot by Jakub Vrana.
18:16 of 2nd period - Shot Misses the Net.
18:18 of 2nd period - Wrist shot by Jakub Vrana.
18:18 of 2nd period - Stopped by Dennis Hildeby without a rebound.
18:19 of 2nd period - Adam Klapka wins face-off versus Nicklas Backstrom in Philadelphia Phantoms zone.
18:19 of 2nd period - Adam Klapka is hit by Nicklas Backstrom.
18:25 of 2nd period - Wrist shot by Matt Rempe.
18:25 of 2nd period - Stopped by Arvid Soderblom with a rebound.
19:12 of 2nd period - Mattias Norlinder is hit by Luca Del Bel Belluz and loses puck.
19:29 of 2nd period - Snap shot by Jakub Vrana.
19:29 of 2nd period - Shot Blocked by Nick Blankenburg.
19:31 of 2nd period - Wrist shot by Samuel Blais.
19:31 of 2nd period - Stopped by Dennis Hildeby with a rebound.
19:33 of 2nd period - Wrist shot by Samuel Blais.
19:33 of 2nd period - Shot Misses the Net.
19:35 of 2nd period - Snap shot by Nick Abruzzese.
19:35 of 2nd period - Shot Misses the Net.
19:45 of 2nd period - Snap shot by Nils Aman.
19:45 of 2nd period - Shot Misses the Net.
19:53 of 2nd period - Sam Gagner is hit by Nick Blankenburg and loses puck.
19:58 of 2nd period - Snap shot by Matt Rempe.
19:58 of 2nd period - Shot Misses the Net.
Goals for this period are 2 for Philadelphia Phantoms vs 1 for Havana Tropicals.
Shots for this period are 11 for Philadelphia Phantoms vs 7 for Havana Tropicals.
3rd period
0:01 of 3rd period - Nicklas Backstrom wins face-off versus Egor Afanasyev in neutral zone.
0:03 of 3rd period - Off-side.
0:04 of 3rd period - Egor Afanasyev wins face-off versus Nicklas Backstrom in neutral zone.
0:07 of 3rd period - Snap shot by Tye Kartye.
0:07 of 3rd period - Shot Misses the Net.
0:15 of 3rd period - Snap shot by Alexander Nylander.
0:15 of 3rd period - Shot Misses the Net.
0:17 of 3rd period - Slapshot by Timothy Liljegren.
0:17 of 3rd period - Shot Blocked by Reilly Walsh.
0:19 of 3rd period - Slapshot by Pavel Dorofeyev.
0:19 of 3rd period - Shot Hit the Post.
0:31 of 3rd period - Wrist shot by Zach Aston-Reese.
0:31 of 3rd period - Stopped by Dennis Hildeby without a rebound.
0:32 of 3rd period - Sam Gagner wins face-off versus Luca Del Bel Belluz in Philadelphia Phantoms zone.
0:39 of 3rd period - Snap shot by Sam Gagner.
0:39 of 3rd period - Deflect By Emil Bemstrom.
0:39 of 3rd period - Shot Misses the Net.
0:39 of 3rd period - Puck is out of play.
0:40 of 3rd period - Nicklas Backstrom wins face-off versus Ryan Winterton in Philadelphia Phantoms zone.
1:28 of 3rd period - Wrist shot by Jaret Anderson-Dolan.
1:28 of 3rd period - Shot Misses the Net.
1:36 of 3rd period - Snap shot by Luca Del Bel Belluz.
1:36 of 3rd period - Stopped by Arvid Soderblom with a rebound.
1:38 of 3rd period - Slapshot by Marcus Bjork.
1:38 of 3rd period - Stopped by Arvid Soderblom with a rebound.
1:58 of 3rd period - Wrist shot by Alexander Nylander.
1:58 of 3rd period - Stopped by Dennis Hildeby with a rebound.
2:00 of 3rd period - Wrist shot by Elmer Soderblom.
2:00 of 3rd period - Stopped by Dennis Hildeby with a rebound.
2:55 of 3rd period - Jakub Vrana is hit by Nick Blankenburg and loses puck.
3:19 of 3rd period - Snap shot by Sam Gagner.
3:19 of 3rd period - Deflect By Emil Bemstrom.
3:19 of 3rd period - Stopped by Dennis Hildeby with a rebound.
3:21 of 3rd period - Slapshot by Zach Whitecloud.
3:21 of 3rd period - Shot Blocked by Ryan Johnson.
3:37 of 3rd period - Nils Aman is hit by Mattias Norlinder.
3:53 of 3rd period - Wrist shot by Adam Klapka.
3:53 of 3rd period - Shot Misses the Net.
3:55 of 3rd period - Wrist shot by Alex Swetlikoff.
3:55 of 3rd period - Shot Misses the Net.
4:38 of 3rd period - Off-side.
4:39 of 3rd period - Ryan Winterton wins face-off versus Sam Gagner in neutral zone.
5:04 of 3rd period - Marcus Bjork is hit by Jakub Vrana and loses puck.
5:09 of 3rd period - Wrist shot by Jakub Vrana.
5:09 of 3rd period - Shot Misses the Net.
5:42 of 3rd period - Lukas Rousek is hit by Elmer Soderblom and loses puck.
6:25 of 3rd period - Wrist shot by Egor Afanasyev.
6:25 of 3rd period - Shot Misses the Net.
6:35 of 3rd period - Nicklas Backstrom is hit by James Malatesta and loses puck.
6:54 of 3rd period - Louis Crevier is hit by Elmer Soderblom.
6:58 of 3rd period - Alexander Nylander is hit by Alex Swetlikoff.
8:13 of 3rd period - Icing by Luca Del Bel Belluz.
8:14 of 3rd period - Sam Gagner wins face-off versus Luca Del Bel Belluz in Philadelphia Phantoms zone.
8:15 of 3rd period - Wrist shot by Emil Bemstrom.
8:15 of 3rd period - Stopped by Dennis Hildeby without a rebound.
8:16 of 3rd period - Nicklas Backstrom wins face-off versus Adam Klapka in Philadelphia Phantoms zone.
8:29 of 3rd period - Adam Klapka is hit by Nicklas Backstrom.
8:41 of 3rd period - Nicklas Backstrom is hit by Alex Steeves and loses puck.
8:52 of 3rd period - Wrist shot by Egor Afanasyev.
8:52 of 3rd period - Shot Misses the Net.
8:54 of 3rd period - Wrist shot by Egor Afanasyev.
8:54 of 3rd period - Stopped by Arvid Soderblom with a rebound.
9:08 of 3rd period - Wrist shot by Pavel Dorofeyev.
9:08 of 3rd period - Shot Blocked by Tyler Kleven.
9:32 of 3rd period - Wrist shot by Jaret Anderson-Dolan.
9:32 of 3rd period - Stopped by Arvid Soderblom with a rebound.
9:34 of 3rd period - Slapshot by Reilly Walsh.
9:34 of 3rd period - Deflect By Samuel Blais.
9:34 of 3rd period - Stopped by Arvid Soderblom with a rebound.
9:56 of 3rd period - Alexander Nylander is hit by Matt Rempe and loses puck.
10:05 of 3rd period - Reilly Walsh is hit by Darren Raddysh and loses puck.
10:10 of 3rd period - Wrist shot by Alexander Nylander.
10:10 of 3rd period - Stopped by Dennis Hildeby without a rebound.
10:11 of 3rd period - Egor Afanasyev wins face-off versus Sam Gagner in Philadelphia Phantoms zone.
10:17 of 3rd period - Off-side.
10:18 of 3rd period - Tye Kartye wins face-off versus Sam Gagner in neutral zone.
10:28 of 3rd period - Backhand shot by Tye Kartye.
10:28 of 3rd period - Shot Misses the Net.
10:30 of 3rd period - Wrist shot by Ryan Johnson.
10:30 of 3rd period - Stopped by Arvid Soderblom with a rebound.
10:32 of 3rd period - Slapshot by Tyler Kleven.
10:32 of 3rd period - Stopped by Arvid Soderblom without a rebound.
10:33 of 3rd period - Nick Abruzzese wins face-off versus Ryan Winterton in Havana Tropicals zone.
11:04 of 3rd period - Slapshot by Matt Grzelcyk.
11:04 of 3rd period - Stopped by Dennis Hildeby with a rebound.
11:22 of 3rd period - Snap shot by Pavel Dorofeyev.
11:22 of 3rd period - Shot Misses the Net.
11:41 of 3rd period - Alexander Nylander is hit by Alex Swetlikoff and loses puck.
12:07 of 3rd period - Wrist shot by Nick Abruzzese.
12:07 of 3rd period - Stopped by Dennis Hildeby with a rebound.
12:23 of 3rd period - Jaret Anderson-Dolan is hit by Sam Gagner and loses puck.
12:38 of 3rd period - Minor Penalty to Zach Aston-Reese for Hooking.
12:39 of 3rd period - Egor Afanasyev wins face-off versus Alexander Nylander in Havana Tropicals zone.
12:42 of 3rd period - Wrist shot by James Malatesta.
12:42 of 3rd period - Goal by James Malatesta - Philadelphia Phantoms : 4 - Havana Tropicals : 2.
12:43 of 3rd period - Nicklas Backstrom wins face-off versus Egor Afanasyev in neutral zone.
13:17 of 3rd period - Slapshot by Alex Swetlikoff.
13:17 of 3rd period - Stopped by Arvid Soderblom without a rebound.
13:18 of 3rd period - Ryan Winterton wins face-off versus Nick Abruzzese in Havana Tropicals zone.
13:22 of 3rd period - Slapshot by Ryan Winterton.
13:22 of 3rd period - Shot Misses the Net.
13:24 of 3rd period - Wrist shot by James Malatesta.
13:24 of 3rd period - Stopped by Arvid Soderblom without a rebound.
13:25 of 3rd period - Luca Del Bel Belluz wins face-off versus Nicklas Backstrom in Havana Tropicals zone.
13:26 of 3rd period - Wrist shot by Jaret Anderson-Dolan.
13:26 of 3rd period - Stopped by Arvid Soderblom with a rebound.
13:28 of 3rd period - Minor Penalty to Nicklas Backstrom for Tripping.
13:29 of 3rd period - Pavel Dorofeyev wins face-off versus James Malatesta in Havana Tropicals zone.
13:35 of 3rd period - Icing by Marcus Bjork.
13:36 of 3rd period - Egor Afanasyev wins face-off versus Alexander Nylander in Philadelphia Phantoms zone.
13:47 of 3rd period - Snap shot by James Malatesta.
13:47 of 3rd period - Shot Misses the Net.
13:49 of 3rd period - Snap shot by Reilly Walsh.
13:49 of 3rd period - Stopped by Arvid Soderblom without a rebound.
13:50 of 3rd period - Luca Del Bel Belluz wins face-off versus Pavel Dorofeyev in Havana Tropicals zone.
13:53 of 3rd period - Wrist shot by Luca Del Bel Belluz.
13:53 of 3rd period - Deflect By Ryan Winterton.
13:53 of 3rd period - Goal by Ryan Winterton - Philadelphia Phantoms : 5 - Havana Tropicals : 2.
13:54 of 3rd period - Nicklas Backstrom wins face-off versus Ryan Winterton in neutral zone.
13:59 of 3rd period - Backhand shot by Timothy Liljegren.
13:59 of 3rd period - Deflect By Alexander Nylander.
13:59 of 3rd period - Shot Blocked by James Malatesta.
13:59 of 3rd period - Puck is out of play.
14:00 of 3rd period - Ryan Winterton wins face-off versus Nicklas Backstrom in Philadelphia Phantoms zone.
14:10 of 3rd period - Icing by Pavel Dorofeyev.
14:11 of 3rd period - Jaret Anderson-Dolan wins face-off versus Nicklas Backstrom in Havana Tropicals zone.
14:14 of 3rd period - Backhand shot by Jaret Anderson-Dolan.
14:14 of 3rd period - Stopped by Arvid Soderblom without a rebound.
14:15 of 3rd period - Luca Del Bel Belluz wins face-off versus Nicklas Backstrom in Havana Tropicals zone.
14:16 of 3rd period - Wrist shot by Jaret Anderson-Dolan.
14:16 of 3rd period - Shot Misses the Net.
14:55 of 3rd period - Zach Aston-Reese is hit by Matt Rempe and loses puck.
15:18 of 3rd period - Wrist shot by Alex Steeves.
15:18 of 3rd period - Stopped by Arvid Soderblom with a rebound.
15:58 of 3rd period - Wrist shot by Luca Del Bel Belluz.
15:58 of 3rd period - Shot Misses the Net.
16:00 of 3rd period - Wrist shot by Jaret Anderson-Dolan.
16:00 of 3rd period - Deflect By Luca Del Bel Belluz.
16:00 of 3rd period - Stopped by Arvid Soderblom without a rebound.
16:01 of 3rd period - Adam Klapka wins face-off versus Sam Gagner in Havana Tropicals zone.
16:06 of 3rd period - Wrist shot by Matt Rempe.
16:06 of 3rd period - Goal by Matt Rempe - Philadelphia Phantoms : 6 - Havana Tropicals : 2.
16:07 of 3rd period - Egor Afanasyev wins face-off versus Pavel Dorofeyev in neutral zone.
16:23 of 3rd period - Minor Penalty to Timothy Liljegren for Holding.
16:24 of 3rd period - Pavel Dorofeyev wins face-off versus Luca Del Bel Belluz in Havana Tropicals zone.
17:11 of 3rd period - Zach Whitecloud is hit by Ryan Winterton and loses puck.
17:54 of 3rd period - Zach Whitecloud is hit by Alex Steeves and loses puck.
18:11 of 3rd period - Mattias Norlinder is hit by Louis Crevier and loses puck.
18:23 of 3rd period - Penalty to Timothy Liljegren is over, Timothy Liljegren is back on ice.
19:33 of 3rd period - Tyler Kleven is hit by Dennis Cholowski and loses puck.
19:46 of 3rd period - Backhand shot by Nicklas Backstrom.
19:46 of 3rd period - Goal by Nicklas Backstrom - Philadelphia Phantoms : 6 - Havana Tropicals : 3.
19:47 of 3rd period - Nick Abruzzese wins face-off versus James Malatesta in neutral zone.
19:52 of 3rd period - Snap shot by Samuel Blais.
19:52 of 3rd period - Shot Misses the Net.
19:58 of 3rd period - Wrist shot by Nils Aman.
19:58 of 3rd period - Stopped by Arvid Soderblom without a rebound.
19:59 of 3rd period - Nicklas Backstrom wins face-off versus Adam Klapka in Havana Tropicals zone.
Goals for this period are 3 for Philadelphia Phantoms vs 1 for Havana Tropicals.
Shots for this period are 18 for Philadelphia Phantoms vs 9 for Havana Tropicals.
Back to the Top